 Dungeon Crawl Stone Soup version 0.19.5 (webtiles) character file.

103 DenSaoPin the Stinger (level 4, -6/27 HPs)
             Began as an Octopode Venom Mage on Mar 11, 2017.
             Killed from afar by an orc wizard (8 damage)
             ... with a puff of flame
             ... on level 3 of the Dungeon.
             The game lasted 00:16:37 (2566 turns).

DenSaoPin the Stinger (Octopode Venom Mage)         Turns: 2566, Time: 00:16:37

Health: -6/27      AC:  1    Str:  7    XL:     4   Next: 79%
Magic:  4/7        EV: 13    Int: 17    God:
Gold:   227        SH:  0    Dex: 13    Spells: 2 memorised, 2 levels left

rFire  . . .     SeeInvis .     d - +1 dagger
rCold  + . .     Gourm    .     (no shield)
rNeg   . . .     Faith    +     (helmet restricted)
rPois  .         Spirit   .     q - amulet of faith
rElec  .         Reflect  .     p - ring of protection from cold
rCorr  .         Harm     .     (no ring)
MR     .....                    (no ring)
Stlth  ++++......               (no ring)
                                (no ring)
                                (no ring)
                                (no ring)
                                (no ring)

@: no status effects
A: almost no armour, stealthy swim, amphibious, 8 rings, constrict 8, camouflage
1, gelatinous body 1
a: no special abilities


You were on level 3 of the Dungeon.
You were hungry.

You visited 1 branch of the dungeon, and saw 4 of its levels.

You collected 227 gold pieces.

Inventory:

Hand Weapons
 c - a +0 dagger
 d - a +1 dagger (weapon)
Jewellery
 p - a ring of protection from cold (left tentacle)
 q - an amulet of faith (around mantle)
Scrolls
 e - 2 scrolls of identify
 f - 3 scrolls of recharging
 i - 2 scrolls of immolation
 m - 4 scrolls of teleportation
Potions
 j - a potion of heal wounds {unknown}
 n - a potion of haste {unknown}
 t - 3 potions of curing {unknown}
 u - a potion of cancellation {unknown}
 v - a potion of ambrosia {unknown}
Books
 a - a Young Poisoner's Handbook

   Spells                             Type                      Level
   a - Sting                          Conjuration/Poison           1
   b - Mephitic Cloud                 Conjuration/Poison/Air       3
   c - Olgreb's Toxic Radiance        Poison                       4
   d - Alistair's Intoxication        Transmutation/Poison         5
   e - Venom Bolt                     Conjuration/Poison           5
 y - a book of Conjurations

   Spells                             Type                      Level
   a - Magic Dart                     Conjuration                  1
   b - Searing Ray                    Conjuration                  2
   c - Dazzling Spray                 Conjuration/Hexes            3
   d - Fulminant Prism                Conjuration/Hexes            4
   e - Iskenderun's Mystic Blast      Conjuration                  4
   f - Iskenderun's Battlesphere      Conjuration/Charms           5
Comestibles
 b - 2 bread rations
 g - a chunk of flesh
 k - a beef jerky
 r - a royal jelly
 w - a slice of pizza


   Skills:
 + Level 2.8 Short Blades
 - Level 2.0 Dodging
 + Level 4.8 Stealth
 - Level 0.2 Unarmed Combat
 - Level 2.0 Spellcasting
 - Level 5.0 Poison Magic


You had 2 spell levels left.
You knew the following spells:

 Your Spells              Type           Power        Failure   Level  Hunger
a - Sting                 Conj/Pois      ##..         10%         1    #......
b - Olgreb's Toxic Radia  Pois           ###.....     24%         4    #####..


Dungeon Overview and Level Annotations

Branches:
Dungeon (4/15)
 Temple: D:4-7

Altars:
Fedhas


Innate Abilities, Weirdness & Mutations

You cannot wear most types of armour.
You are very stealthy in the water. (Stealth+)
You are amphibious.
You can wear up to eight rings at the same time.
You can use your tentacles to constrict eight enemies at once.
Your skin changes colour to match your surroundings (Stealth+).
Your rubbery body absorbs attacks. (AC +1, EV +1)


Message History

Aiming: Sting
Press: ? - help, Shift-Dir - straight line, f - orc wizard
Aim: an orc wizard, wielding a dagger of speed and wearing a robe (lightly wounded, constricted by you, fast)
The sting hits the orc wizard.
The orc wizard appears unharmed.
The orc wizard is lightly wounded.
You constrict the orc wizard.
The orc wizard hits you but does no damage.
The orc wizard hits you with a dagger of speed.
* * * LOW HITPOINT WARNING * * *
Casting: Sting
Confirm with . or Enter, or press ? or * to list all spells.
Aiming: Sting
Press: ? - help, Shift-Dir - straight line, f/p - orc wizard
Aim: an orc wizard, wielding a dagger of speed and wearing a robe (moderately wounded, constricted by you, fast)
The sting hits the orc wizard.
The orc wizard is poisoned.
The orc wizard is heavily wounded.
You constrict the orc wizard. The orc wizard barely misses you.
The orc wizard casts a spell at you. The puff of flame hits you!
You die...

#######
#################.....####
#.......o@................
##.#####.......[#.....#...
#.# #..[.....#.....#...
#.# #..............#...
#.# #..............#...
#.# #..............#...
#.#####........#.....#...
#........................
########.#...###....##...


You could see an orc wizard.

Vanquished Creatures
  A worker ant (D:4)
  2 adders
  An ooze (D:2)
  A leopard gecko (D:1)
  3 giant cockroaches
  11 goblins
  4 hobgoblins
  5 jackals
  8 kobolds
  A quokka (D:2)
  10 bats
  2 frilled lizards
  7 rats
56 creatures vanquished.

Notes
Turn   | Place    | Note
-------+----------+-------------------------------------------
     0 | D:1      | DenSaoPin the Octopode Venom Mage began the quest for the Orb.
     0 | D:1      | Reached XP level 1. HP: 11/11 MP: 3/3
    10 | D:1      | Reached skill level 5 in Poison Magic
   125 | D:1      | Reached XP level 2. HP: 17/17 MP: 3/5
   336 | D:1      | Reached skill level 1 in Short Blades
   840 | D:2      | Reached XP level 3. HP: 21/21 MP: 1/6
  1520 | D:2      | Reached XP level 4. HP: 25/27 MP: 7/7
  2143 | D:3      | Found a blossoming altar of Fedhas.
  2323 | D:3      | Learned a level 4 spell: Olgreb's Toxic Radiance
  2566 | D:3      | Killed from afar by an orc wizard

Skill      XL: |  1  2  3 |
---------------+----------+-----
Poison Magic   | 5 |  5.0
Stealth        | 3 4 |  4.8
Short Blades   | 1 2 |  2.8
Dodging        | |  2.0
Unarmed Combat | |  0.2
Spellcasting   | |  2.0

Action                   |  1- 3 |  4- 6 || total
-------------------------+-------+-------++-------
Melee: Unarmed           |     2 |       ||     2
       Constrict         |     9 |     8 ||    17
       Dagger            |    37 |    23 ||    60
       Tentacles         |     6 |     3 ||     9
 Cast: Sting             |    50 |    16 ||    66
       Olgreb's Toxic Ra |       |     1 ||     1
  Use: Scroll            |       |     9 ||     9
 Stab: Sleeping          |     3 |     5 ||     8
  Eat: Chunk             |     3 |     3 ||     6
Armor: Skin              |     3 |     7 ||    10
Dodge: Dodged            |    22 |    18 ||    40
